Unix NetHack Version 5.0.0-0 post-release - last build May  4 2026 22:22:43 (774f63e81ad911689b3a0859ea89b322d5daca8d,branch:main).

Game began 2026-05-07 00:05:06, ended 2026-05-07 16:19:05.

IanCurtis, chaotic male elven Wizard

                         -----
                       ##-...|
                       # |...|    ---------+-----
         --------      # |...|   #-).......`....|
         |%!..=)|      # |..<|   #|.............|                 -------
         |])m!(.|      # -|---  ##|.............|       ------    |.....|
         |.@@!..|      #  ##    # -.-------------       |....|    |......#
         --|-----     ##   #    #  ##########           |.....####......|#
           #####      #    #    #           #           |....|    -------#
               ####   #    ###  #           #     ######.....|           #
                  #   #      #  #        ---.-    #     -|--.-           #
             -----|---#   ---.- #        |....#####         #            #
             |.......|#   |...| #        |...|#####         #       ########
             |.......|#   |.[..##        |...|#   #         #          #---|--
             |........#   |...|          |....#########     #          #.....|
             |.......|    |...|          -----#      #---+--|-          |....|
             ----.----    -----################      #.......|          |.{..|
                 ###############                      |.>.)(.|          ------
                                                      --------

IanCurtis the Conjurer    St:9 Dx:13 Co:15 In:18 Wi:11 Ch:11  Chaotic
Dlvl:4  $:52 HP:0(20) Pw:20(30) AC:8  Xp:3 T:1697 

Latest messages:
 You see here a broken chest.
 You learn more about your items by comparing them.
 h - an uncursed potion of healing (2 in total).
 You see here an elven dagger.
 The kitten misses Ackbladder's ghost.
 You hear some noises in the distance.
 You hear some noises in the distance.
 You hear some noises in the distance.
 You hear some noises in the distance.
 You hear some noises in the distance.
 "Hello, IanCurtis!  Welcome again to Budereyri's general store!"
 You hear some noises in the distance.
 You see here an emerald potion (for sale, 200 zorkmids).
 You see here a magic whistle (for sale, 10 zorkmids).
 You see here a pair of riding boots (for sale, 30 zorkmids).
 "For you, esteemed hir; only 30 zorkmids for this pair of riding boots."
 E - a pair of riding boots (unpaid, 30 zorkmids).
 You see here an emerald potion (for sale, 200 zorkmids).
 What do you want to drop? [$a-eg-yBDE or ?*] E
 You drop a pair of riding boots (unpaid, 30 zorkmids).
 There is a grave here.
 Something is engraved here on the headstone.
 You read: "Ackbladder, killed by a small mimic, while fainted from lack of food".
 There are many objects here.
 That scroll labeled DAIYEN FOOELS is a small mimic!
 You hear some noises in the distance.
 You see here an emerald potion (for sale, 200 zorkmids).
 You do not owe Budereyri anything.
 You see here a pair of riding boots (for sale, 30 zorkmids).
 You do not owe Budereyri anything.
 What do you want to use or apply? [ck-nuvBD or ?*] B
 You produce a high-pitched humming noise.
 What do you want to use or apply? [ck-nuvBD or ?*] B
 You produce a high-pitched humming noise.
 You miss the small mimic.
 You miss the small mimic.
 You miss the small mimic.
 The small mimic hits!
 You hit the small mimic!
 You miss the small mimic.
 You hear some noises in the distance.
 The small mimic hits!
 In what direction? k
 The spell hits the small mimic!
 In what direction? k
 The spell hits the small mimic!
 The small mimic hits!
 You die...
 Budereyri gratefully inherits all your possessions.
 Do you want to see what you had when you died? [ynq] (y) q

Inventory:
 Coins    ('$')
  $ - 52 gold pieces
 Weapons  (')')
  a - a blessed +1 quarterstaff (weapon in hands)
 Armor    ('[')
  w - an uncursed +0 orcish helm (being worn)
  b - an uncursed +0 cloak of magic resistance (being worn)
 Comestibles  ('%')
  x - an uncursed clove of garlic
  r - 5 uncursed food rations
 Scrolls  ('?')
  j - 2 uncursed scrolls of identify
  s - a cursed scroll of light
  i - 2 uncursed scrolls of remove curse
  o - a blessed scroll of scare monster
 Spellbooks  ('+')
  k - a blessed spellbook of force bolt
  u - an uncursed spellbook of light
  l - an uncursed spellbook of sleep
 Potions  ('!')
  q - 2 blessed potions of healing
  h - 2 uncursed potions of healing
  p - an uncursed potion of invisibility
  y - an uncursed potion of object detection
  g - 3 uncursed potions of water
 Rings    ('=')
  e - an uncursed ring of conflict
  d - an uncursed ring of protection from shape changers
  t - an uncursed ring of shock resistance
 Wands    ('/')
  v - a wand of digging (0:7)
  c - a wand of slow monster (0:6)
 Tools    ('(')
  n - an uncursed leather drum
  D - an uncursed blindfold
  m - a magic marker (0:21)
  B - a cursed magic whistle

IanCurtis the Wizard's attributes:

Background:
 You were a Conjurer, a level 3 male elven Wizard.
 You were chaotic, nominally on a mission for Anhur
 who was opposed by Ptah (lawful) and Thoth (neutral).
 You were right-handed.
 You were in the Dungeons of Doom, on level 4.
 You entered the dungeon 1697 turns ago.
 You had 63 experience points, 17 more were needed to attain level 4.

Basics:
 You had 0 out of 20 hit points.
 You had 20 out of 30 energy points (spell power).
 Your armor class was 8.
 Your wallet contained 52 zorkmids.
 Autopickup was off.

Final Characteristics:
 Your strength was 9 (limit:18).
 Your dexterity was 13 (limit:18).
 Your constitution was 15 (limit:16).
 Your intelligence was 18 (limit:20).
 Your wisdom was 11 (limit:20).
 Your charisma was 11 (limit:18).

Final Status:
 You weren't hungry.
 You were unencumbered.
 You were wielding a quarterstaff.
 You had basic skill with quarterstaff.

Final Attributes:
 You were devoutly aligned.
 You were magic-protected.
 You had infravision.
 You were warded.
 You are dead.

Miscellaneous:
 You encountered 1 bones level.
 Total elapsed playing time was 31 minutes and 25 seconds.

Major events:
 Turn
    1: IanCurtis the chaotic male elven Wizard entered the dungeon
 1019: attained the rank of Conjurer (level 3)
 1697: killed by a small mimic

Spells:
 Name                 Level Category     Fail Retention
 force bolt             1   attack         0%  91%-100%
 sleep                  3   enchantment    0%  91%-100%

Skills:
 Fighting Skills
   bare handed combat [Unskilled]
   riding             [Unskilled]
 Weapon Skills
   dagger             [Unskilled]
   knife              [Unskilled]
   axe                [Unskilled]
   short sword        [Unskilled]
   club               [Unskilled]
   mace               [Unskilled]
   quarterstaff       [Basic]
   polearms           [Unskilled]
   spear              [Unskilled]
   trident            [Unskilled]
   sling              [Unskilled]
   dart               [Unskilled]
   shuriken           [Unskilled]
 Spellcasting Skills
   attack spells      [Basic]
   healing spells     [Unskilled]
   divination spells  [Unskilled]
   enchantment spells [Basic]
   clerical spells    [Unskilled]
   escape spells      [Unskilled]
   matter spells      [Unskilled]

Voluntary challenges:
 Character rerolling was not enabled.
 You were an atheist.
 You were illiterate.
 You never genocided any monsters.
 You never polymorphed an object.
 You never changed form.
 You used no wishes.
Achievements:
 You entered a shop.
 You attained the rank of Conjurer.

 The Dungeons of Doom: levels 1 to 4
    Level 1:
    Level 2:
       A general store, a fountain.
    Level 3:
    Level 4: <- You were here.
       A general store, a fountain, a grave.
       Final resting place for
          you, killed by a small mimic,
          Ackbladder-Wiz-Hum-Fem-Neu, killed by a small mimic, while fainted from lack of food.


Vanquished creatures:
  a kitten
  a homunculus
  3 acid blobs
  a coyote
  2 hobbits
  2 geckos
  5 jackals
  a kobold
  2 goblins
  2 sewer rats
  3 grid bugs
  2 lichens
  a kobold zombie
  5 newts
31 creatures vanquished.

No species were genocided or became extinct.

Game over:
                       ----------
                      /          \
                     /    REST    \
                    /      IN      \
                   /     PEACE      \
                  /                  \
                  |    IanCurtis     |
                  |       0 Au       |
                  |   killed by a    |
                  |   small mimic    |
                  |                  |
                  |                  |
                  |       2026       |
                 *|     *  *  *      | *
        _________)/\\_//(\/(/\)/\//\/|_)_______

Goodbye IanCurtis the Wizard...

You died in The Dungeons of Doom on dungeon level 4 with 402 points,
and 0 pieces of gold, after 1697 moves.
You were level 3 with a maximum of 20 hit points when you died.

